AoeStats
← Juyhou

Nomad

507467971Analyzed
4v4 RM · 15d ago on Sep 18, 2026· 45m 10s· 8 players
Game mode
Random Map
Map size
231×231
Population
200
Speed
Normal
Resources
Standard
Victory
Conquest
Starting age
Dark Age
Ending age
Imperial Age
RankedLock teamsTeams togetherTeam positionsShared explorationLock speedFull tech treeHidden civsTurbo modeCheats
Victory
Defeat
🇨🇳 Sicilians · China
1740
+11
🇨🇭 Koreans · Switzerland
1700
+13
🇫🇮 Celts · Finland
1681
+13
🇨🇳 Cumans · China
1678
+14
🇹🇼 Berbers · Taiwan
1687
-16
🇹🇼 Burmese · Taiwan
1641
-13
🇹🇼 Wei · Taiwan
1620
-12
🇹🇼 Georgians · Taiwan
1564
-10
Juyhou
13:00 Feudal Age
11:21 Loom
13:34 Town Watch
16:36 Castle Age
14:42 Double-Bit Axe
18:29 Bow Saw
18:02 Fishing Lines
18:37 Scale Mail Armor
18:53 Forging
22:13 Gillnets
27:53 Scale Mail Armor
29:10 Chain Mail Armor
30:30 Wheelbarrow
29:36 Horse Collar
31:05 Iron Casting
36:10 Imperial Age
35:42 Fletching
37:24 Plate Mail Armor
37:17 Conscription
39:06 Blast Furnace
42:54 Elite Woad Raider
43:40 Capped Ram
44:56 Arson
xxxxx
11:27 Feudal Age
11:56 Double-Bit Axe
16:16 Loom
21:01 Castle Age
19:02 Stone Mining
19:25 Fishing Lines
21:12 Horse Collar
22:14 Medium Warships
23:03 Wheelbarrow
22:52 Forging
23:17 Fletching
25:22 Gold Mining
25:52 Bow Saw
26:11 Bodkin Arrow
26:48 Town Watch
28:13 Ballistics
29:36 Heavy Plow
34:51 Imperial Age
35:18 Hand Cart
35:24 Hand Cart
35:38 Masonry
36:38 Chemistry
35:47 Bracer
38:21 Two-Man Saw
39:47 Husbandry
44:06 Gold Shaft Mining
44:06 Stone Shaft Mining
43:50 Arrowslits
44:29 Conscription
tim.13
3:23 Loom
14:51 Feudal Age
16:15 Double-Bit Axe
17:07 Fishing Lines
24:14 Castle Age
23:12 Horse Collar
25:24 Gillnets
25:50 Bow Saw
27:00 Wheelbarrow
28:15 Bloodlines
28:05 Husbandry
28:56 Scale Barding Armor
29:02 Forging
28:45 Gold Mining
29:59 Chain Barding Armor
38:21 Imperial Age
37:13 Iron Casting
37:50 Gold Shaft Mining
37:59 Stone Mining
39:46 Plate Barding Armor
39:34 Conscription
39:02 Cavalier
40:00 Hauberk
42:27 Blast Furnace
42:10 Fletching
43:34 Hand Cart
43:04 Town Watch
十大地方
7:20 Loom
13:40 Feudal Age
17:09 Gold Mining
19:37 Castle Age
22:14 Fletching
23:32 Loom
25:01 Loom
30:36 Elite Skirmisher
38:47 Double-Bit Axe
42:22 Bow Saw
45:17 Wheelbarrow
44:29 Town Watch
我最爛別快攻我
6:57 Loom
13:34 Feudal Age
16:12 Double-Bit Axe
20:05 Castle Age
21:23 Bow Saw
22:29 Fletching
23:15 Bodkin Arrow
23:52 Horse Collar
31:58 Heavy Plow
33:08 Wheelbarrow
34:59 Town Watch
40:32 Imperial Age
38:23 Gold Mining
40:13 Ballistics
40:34 Padded Archer Armor
41:17 Bracer
42:19 Chemistry
41:46 Parthian Tactics
42:10 Leather Archer Armor
43:24 Heavy Hei Guang Cavalry
44:14 Bloodlines
44:05 Husbandry
45:08 Scale Barding Armor
45:13 Forging
TW_Kenneth
3:45 Loom
13:41 Feudal Age
17:55 Castle Age
17:04 Double-Bit Axe
17:56 Horse Collar
18:34 Fletching
27:57 Bodkin Arrow
28:49 Padded Archer Armor
29:26 Wheelbarrow
29:42 Bow Saw
30:23 Town Watch
31:11 Padded Archer Armor
32:44 Gold Mining
34:10 Hand Cart
33:47 Stone Mining
34:33 Gold Shaft Mining
34:35 Ballistics
38:35 Imperial Age
37:56 Masonry
38:36 Fortified Wall
38:44 Leather Archer Armor
38:41 Bloodlines
38:32 Husbandry
39:17 Bracer
40:37 Chemistry
40:15 Kasbah
41:50 Ring Archer Armor
41:42 Conscription
40:57 Elite Camel Archer
41:53 Thumb Ring
42:36 Murder Holes
42:47 Siege Engineers
43:28 Scale Barding Armor
43:33 Forging
43:36 Heavy Camel Rider
chaos(我愛亂來)
7:11 Loom
7:35 Loom
13:22 Feudal Age
17:24 Castle Age
15:22 Double-Bit Axe
15:45 Gold Mining
16:55 Scale Barding Armor
17:01 Forging
18:44 Horse Collar
20:46 Bloodlines
22:20 Wheelbarrow
24:56 Husbandry
28:56 Town Watch
30:26 Bow Saw
41:36 Imperial Age
39:46 Hand Cart
42:49 Chain Barding Armor
43:13 Cavalier
45:36 Plate Barding Armor
P0rr1dg3
8:33 Loom
12:27 Feudal Age
13:45 Town Watch
19:13 Forging
22:04 Wheelbarrow
25:21 Castle Age
24:59 Stone Mining
26:20 Medium Warships
27:55 Clinker Construction
29:04 Horse Collar
30:54 Sanctity
31:29 Redemption
37:15 Hand Cart
37:44 Devotion
37:59 Fervor
42:41 Imperial Age
40:48 Heavy Plow
40:39 Gold Mining
42:05 Coinage
43:36 Scale Barding Armor
44:06 Iron Casting
43:34 Fletching
45:03 Chemistry
44:27 Ballistics
Connection lost

Rejoining the realm…

Still unreachable

The connection could not be restored.

Session expired

The server has moved on; the page needs a fresh start.